 Dungeon Crawl Stone Soup version 0.25.0-9-g26727b657a (webtiles) character file.

Game seed: 2477165230022177659

42774 Flugkiller the Severer (level 13, -1/123 HPs)
             Began as a Deep Dwarf Fighter on June 22, 2020.
             Was an Elder of Makhleb.
             Slain by a stone giant (51 damage)
             ... on level 13 of the Dungeon.
             The game lasted 00:08:43 (10739 turns).

Flugkiller the Severer (Deep Dwarf Fighter)        Turns: 10739, Time: 00:08:43

Health: -1/123     AC: 20    Str: 29    XL:     13   Next: 87%
Magic:  11/11      EV:  7    Int:  9    God:    Makhleb [****..]
Gold:   890        SH: 13    Dex: 12    Spells: 12/12 levels left

rFire    . . .     SeeInvis .   m - +3 war axe (chaos) (curse)
rCold    . . .     Gourm    .   c - +0 kite shield
rNeg     . . .     Faith    .   z - +0 plate armour
rPois    +         Spirit   .   D - +2 hat
rElec    .         Reflect  .   j - scarf {repulsion}
rCorr    +         Harm     .   A - +0 pair of gloves
MR       +....                  I - +0 pair of boots
Stlth    ..........             (no amulet)
HPRegen  0.00/turn              o - ring of poison resistance
MPRegen  0.12/turn              l - ring of Departure {rCorr Str+4 Slay+3}

@: non-regenerating, repel missiles
A: damage resistance, heal wounds, sense surroundings 2, no regeneration
a: Heal Wounds, Minor Destruction, Lesser Servant of Makhleb, Major Destruction,
Renounce Religion


You were on level 13 of the Dungeon.
You worshipped Makhleb.
Makhleb was greatly pleased with you.
You were not hungry.

You visited 3 branches of the dungeon, and saw 19 of its levels.

You collected 890 gold pieces.

Inventory:

Hand Weapons
 a - a +1 war axe
 m - a cursed +3 war axe of chaos (weapon)
   (You took it off a wight on level 5 of the Dungeon)
 C - a +0 broad axe
   (You found it on level 9 of the Dungeon)
Missiles
 b - 2 throwing nets (quivered)
Armour
 c - a +0 kite shield (worn)
 j - a scarf of repulsion (worn)
   (You found it on level 1 of the Lair of Beasts)
 z - a +0 plate armour (worn)
   (You took it off an orc warrior on level 8 of the Dungeon)
 A - a +0 pair of gloves (worn)
   (You found it on level 8 of the Dungeon)
 D - a +2 hat (worn)
   (You took it off Gastronok on level 9 of the Dungeon)
 I - a +0 pair of boots (worn)
   (You found it on level 10 of the Dungeon)
Jewellery
 f - an uncursed ring of protection from fire
   (You found it on level 7 of the Dungeon)
 k - a +6 ring of strength
   (You found it on level 5 of the Dungeon)
 l - the ring of Departure (right hand) {rCorr Str+4 Slay+3}
   (You found it on level 6 of the Dungeon)

   [ring of resist corrosion]

   It affects your strength (+4).
   It affects your accuracy and damage with ranged weapons and melee attacks
   (+3).
   It provides partial protection from all sources of acid and corrosion.
 o - a ring of poison resistance (left hand)
   (You found it on level 7 of the Dungeon)
 w - a +6 ring of strength
   (You found it on level 5 of the Dungeon)
Wands
 v - a wand of digging (6)
   (You found it on level 8 of the Dungeon)
 B - a wand of clouds (13)
   (You found it on level 1 of the Lair of Beasts)
 M - a wand of acid (14)
   (You found it on level 3 of the Lair of Beasts)
 N - a wand of iceblast (14)
   (You found it on level 3 of the Lair of Beasts)
 O - a wand of enslavement (8)
   (You found it on level 4 of the Lair of Beasts)
Scrolls
 p - 3 scrolls of immolation
 r - 5 scrolls of identify
 s - a scroll of silence {unknown}
 t - 8 scrolls of teleportation
 x - 2 scrolls of remove curse
 y - 3 scrolls of magic mapping
 K - a scroll of noise {unknown}
 P - a scroll of vulnerability {unknown}
 R - 2 scrolls of enchant armour {unknown}
Potions
 d - a potion of might
 g - 3 potions of flight
 h - a potion of invisibility
 i - 3 potions of brilliance
 n - 3 potions of mutation
 q - 5 potions of curing
 u - 4 potions of stabbing
 E - a potion of resistance {unknown}
 F - 2 potions of berserk rage {unknown}
 G - a potion of ambrosia {unknown}
 H - a potion of magic {unknown}
 J - a potion of heal wounds {unknown}
 L - 3 potions of degeneration {unknown}
 S - a potion of lignification
Comestibles
 e - 18 rations
 Q - 4 chunks of flesh


   Skills:
 + Level 9.8 Fighting
 * Level 15.2 Axes
 + Level 11.5 Armour
 + Level 11.6 Shields
 + Level 11.4 Invocations


You had 12 spell levels left.
You didn't know any spells.
Your spell library was empty.

Dungeon Overview and Level Annotations

Branches:
Dungeon (13/15)            Temple (1/1) D:7            Lair (5/6) D:11
  Swamp (0/4) Lair:3       Spider (0/4) Lair:4       Vaults (0/5) D:13
  Slime: Lair:5-6       Orc: D:9-12

Altars:
Ashenzari
Cheibriados
Dithmenos
Fedhas
Hepliaklqana
Makhleb
Nemelex Xobeh
Okawaru
Qazlal
Ru
Sif Muna
Vehumet
Wu Jian
Xom
Zin

Shops:
D:12 }

Annotations:
D:7 1 runed translucent door, Crazy Yiuf
D:10 1 runed translucent door
D:11 exclusions: orange demon and 1 more exclusion


Innate Abilities, Weirdness & Mutations

You are resistant to damage.
You can heal yourself by infusing magical energy.
You passively map the area around you.
You do not regenerate.


Message History

You slash the stone giant!
The stone giant goes berserk!
You block the two-headed ogre's attack. x2
Your neqoxec gestures.
Your orange demon stings the two-headed ogre from afar.
The stone giant hits you!!
You strike the helpless two-headed ogre from behind!
You slash the two-headed ogre! You freeze the two-headed ogre!
The two-headed ogre is almost dead.
You slash the stone giant! You hit the troll. You freeze the troll.
The troll barely misses you. The troll claws you.
The troll claws you but does no damage. The stone giant hits you.
The two-headed ogre hits you with a +0 giant spiked club.
You block the two-headed ogre's attack.
Your orange demon stings the two-headed ogre from afar.
The two-headed ogre dies!
Makhleb accepts your kill.
You slice the stone giant!! You drain the stone giant!
The stone giant is heavily wounded.
You hit the troll.
The troll seems to slow down.
The stone giant hits you!!!
You die...

** , , , * ,
..⌠...=#=...⌠.. ,
#.....)=:.....#
##........$..## *
##....O....###.,,
* *
##...O...###.. ,
,, *##ClTT.###...
, , ,
####T)C###....
,,, * *
.##.###@###.....
, *
.......4......#*
,
*.......#3.##.##
, *
*....#.##..(...#
, ,
.####5..####....
* , #≈≈≈≈3≈≈≈#
... , ,...
###...########,
,#.., ##.......#
** #.# #.......#
#.#


You could see a stone giant (berserk, drained), 2 two-headed ogres, a cyclops, 3
trolls, a basilisk, a friendly orange demon (summoned), a friendly neqoxec
(summoned) and a friendly ufetubus (summoned).

Vanquished Creatures
  Gastronok (D:9)
  7 vault guards (D:13)
  Fannar (Lair:3)
  A catoblepas (Lair:4)
  Erica (D:9)
  2 two-headed ogres
  A centaur warrior (D:13)
  Nergalle (Lair:2)
  Sonja (Lair:1)
  An ugly thing (D:11)
  2 manticores
  3 cyclopes
  9 elephants
  Joseph (D:7)
  2 centaur zombies
  A torpor snail (Lair:2)
  4 gargoyles
  Maggie (D:8)
  6 spiny frogs
  6 komodo dragons
  A red devil (D:11)
  4 jumping spiders (Lair:4)
  Prince Ribbit (D:8)
  3 trolls
  A bog body (Lair:3)
  A hornet (D:13)
  A hippogriff (shapeshifter) (Lair:2)
  8 blink frogs
  8 hippogriffs
  23 yaks
  A vampire (D:11)
  A spriggan (D:8)
  A redback (Lair:4)
  A basilisk (Lair:2)
  5 vampire mosquitoes
  A hungry ghost (D:9)
  7 water moccasins
  4 porcupines
  A hornet zombie (D:12)
  7 sky beasts
  7 orc warriors
  4 ice beasts
  3 black bears
  A necrophage (D:9)
  2 phantoms
  6 centaurs
  3 ogres
  7 crocodiles
  3 big kobolds
  5 bullfrogs
  A wyvern zombie (D:10)
  A wyvern skeleton (D:8)
  3 scorpions
  2 howler monkeys
  7 wights
  2 electric eels (Lair:2)
  4 crimson imps
  2 bullfrog zombies
  6 hounds
  3 centaur skeletons
  7 jellies
  8 orc wizards
  A gnoll shaman (D:8)
  4 orc priests
  4 bullfrog skeletons
  3 iguanas
  8 worker ants
  A killer bee zombie (D:9)
  3 hound zombies
  A worker ant zombie (D:6)
  6 adders
  11 gnolls (D:8)
  A shadow imp (D:9)
  An adder skeleton (D:6)
  A worm (D:4)
  A dart slug (D:4)
  6 leopard geckos
  43 orcs
  5 giant cockroaches
  2 goblins
  6 jackals
  4 quokkas
  4 frilled lizards
  13 kobolds
  2 quokka skeletons
  A fungus (Lair:1)
  8 plants
359 creatures vanquished.

Vanquished Creatures (collateral kills)
  A vault guard (D:13)
  2 hydras
  A two-headed ogre (D:13)
4 creatures vanquished.

Vanquished Creatures (others)
  A plant (D:11)
1 creature vanquished.

Grand Total: 364 creatures vanquished

Notes
Turn   | Place    | Note
-------+----------+-------------------------------------------
     0 | D:1      | Flugkiller the Deep Dwarf Fighter began the quest for the
                  | Orb.
     0 | D:1      | Reached XP level 1. HP: 20/20 MP: 1/1
   174 | D:3      | Reached XP level 2. HP: 24/27 MP: 2/2
   230 | D:4      | Reached skill level 3 in Axes
   230 | D:4      | Reached XP level 3. HP: 21/34 MP: 3/3
   240 | D:4      | Reached XP level 4. HP: 20/42 MP: 4/4
   424 | D:4      | Reached skill level 4 in Axes
   424 | D:4      | Reached XP level 5. HP: 39/49 MP: 4/4
   719 | D:5      | Entered Level 5 of the Dungeon
   856 | D:5      | Reached XP level 6. HP: 34/56 MP: 5/5
   975 | D:5      | Noticed a sky beast
  1021 | D:5      | Killed a sky beast
  1021 | D:5      | Reached skill level 5 in Axes
  1146 | D:5      | Reached XP level 7. HP: 45/64 MP: 3/3
  1209 | D:5      | Reached skill level 5 in Armour
  1228 | D:5      | Reached skill level 5 in Shields
  1432 | D:5      | Reached skill level 6 in Axes
  1540 | D:6      | Reached XP level 8. HP: 46/73 MP: 4/4
  1606 | D:6      | Reached skill level 7 in Axes
  1889 | D:6      | Got a brightly glowing tin ring
  2049 | D:6      | Identified the ring of Departure {rCorr Str+4 Slay+3} (You
                  | found it on level 6 of the Dungeon)
  2446 | D:7      | Noticed Joseph
  2453 | D:7      | Reached skill level 5 in Fighting
  2462 | D:7      | Killed Joseph
  2462 | D:7      | Reached skill level 8 in Axes
  2511 | D:7      | Found a staircase to the Ecumenical Temple.
  2521 | Temple   | Entered the Ecumenical Temple
  2552 | Temple   | Became a worshipper of Makhleb the Destroyer
  2694 | D:7      | Found a runed translucent door.
  2695 | D:7      | Noticed Crazy Yiuf
  2958 | D:8      | Gained mutation: You passively map the area around you.
                  | [Deep Dwarf growth]
  2958 | D:8      | Reached XP level 9. HP: 44/81 MP: 2/2
  2962 | D:8      | Reached skill level 1 in Invocations
  3205 | D:8      | Noticed a two-headed ogre
  3237 | D:8      | Killed a two-headed ogre
  3237 | D:8      | Reached * piety under Makhleb
  3237 | D:8      | Reached skill level 9 in Axes
  3387 | D:8      | Reached skill level 10 in Axes
  3387 | D:8      | Reached XP level 10. HP: 65/91 MP: 4/4
  3474 | D:8      | Noticed Prince Ribbit
  3492 | D:8      | Killed Prince Ribbit
  3537 | D:8      | Noticed Maggie
  3558 | D:8      | Killed Maggie
  3723 | D:8      | Reached skill level 5 in Invocations
  3937 | D:8      | Reached ** piety under Makhleb
  4130 | D:9      | Noticed Erica
  4137 | D:9      | Killed Erica
  4272 | D:9      | Found a stormy altar of Qazlal.
  4287 | D:9      | Noticed Gastronok
  4305 | D:9      | Killed Gastronok
  4305 | D:9      | Reached skill level 11 in Axes
  4305 | D:9      | Reached XP level 11. HP: 100/100 MP: 6/6
  4949 | D:10     | Entered Level 10 of the Dungeon
  5205 | D:10     | Reached *** piety under Makhleb
  5298 | D:10     | Found a runed translucent door.
  5299 | D:10     | Noticed a yaktaur captain
  5902 | D:10     | Noticed a rakshasa
  6100 | D:11     | Reached skill level 12 in Axes
  6149 | D:11     | Noticed a cyan ugly thing
  6168 | D:11     | Killed a cyan ugly thing
  6346 | D:11     | Reached **** piety under Makhleb
  6403 | D:11     | Found a burning altar of Makhleb.
  6431 | D:11     | Found a staircase to the Lair.
  6498 | Lair:1   | Entered Level 1 of the Lair of Beasts
  6545 | Lair:1   | Reached XP level 12. HP: 64/110 MP: 8/8
  6608 | Lair:1   | Noticed Sonja
  6616 | Lair:1   | Killed Sonja
  6781 | Lair:1   | Reached skill level 13 in Axes
  6888 | Lair:1   | Reached skill level 10 in Shields
  6892 | Lair:1   | Reached skill level 10 in Armour
  7117 | Lair:1   | Noticed a six-headed hydra
  7124 | Lair:1   | Killed a nine-headed hydra
  7607 | Lair:2   | Noticed Nergalle
  7627 | Lair:2   | Killed Nergalle
  7902 | Lair:3   | Noticed Fannar
  7925 | Lair:3   | Killed Fannar
  7994 | Lair:3   | Reached skill level 10 in Invocations
  7995 | Lair:3   | Reached skill level 14 in Axes
  8004 | Lair:3   | Found a staircase to the Swamp.
  8311 | Lair:3   | Reached XP level 13. HP: 121/121 MP: 10/10
  8540 | Lair:4   | Found a hole to the Spider Nest.
  9085 | Lair:4   | Found a sacrificial altar of Ru.
 10242 | D:12     | Found Malidd's Gadget Boutique.
 10256 | D:12     | Found a sacrificial altar of Ru.
 10324 | D:13     | Paralysed by a hornet for 1 turns
 10339 | D:13     | Reached ***** piety under Makhleb
 10412 | D:13     | Found a gate to the Vaults.
 10465 | D:13     | Reached skill level 15 in Axes
 10733 | D:13     | Noticed a stone giant
 10735 | D:13     | Found the +6 shillelagh "Devastator" {shatter}
 10739 | D:13     | Slain by a stone giant

Illustrated notes

Levels and vault maps discovered:
D:1:      nagdon_arrival_zigzag_paths, layout_basic
D:2:      layout_basic, marbit_many_paths, minmay_misc_feat_doors
D:3:      layout_loops_cross, led_xom_imps
D:4:      layout_rooms, first_ration, st_stairs_7
D:5:      layout_loops_ring
D:6:      layout_layer_cave
D:7:      layout_basic, temple_statues, uniq_crazy_yiuf_cottage, uniq_joseph
D:8:      minmay_the_grid_triangle_9x9_recursive_2
          [minmay_the_grid_triangle_9x9_prize_schism,
          minmay_the_grid_triangle_9x9_zippers_horizontal,
          minmay_the_grid_triangle_9x9_zippers_vertical,
          minmay_the_grid_triangle_9x9_warning], layout_loops_ring, the_bakery,
          chequers_serial_rivers_micro_d, uniq_maggie, uniq_prince_ribbit1
D:9:      layout_irregular_city, nicolae_qazlal_general_emergency, uniq_erica,
          uniq_gastronok
D:10:     layout_loops_corners, minivault_13
D:11:     layout_cave_pods, david_lair_shrubbed, orc_0_dummy,
          lemuel_hellish_altar
D:12:     layout_cross, serial_shops, nicolae_shop_behind_doors,
          nicolae_ru_sacrificial_ziggurat
D:13:     minmay_roctagon, layout_cave_pools, erik_vaults_2,
          chequers_serial_rivers_micro_a, roderic_lattice_a
Temple:   compressed_dpeg_triangle_lava_temple
Lair:1:   layout_long_grid, lemuel_fruit_tree, uniq_sonja
Lair:2:   layout_chaotic_city, serial_bayou_ford_a, uniq_nergalle
Lair:3:   layout_hall_layers, skrybe_swamp_entry_bodies, uniq_fannar
Lair:4:   layout_layer_cave, nicolae_spider_entry_tight_spaces, basic_altar
Lair:5:   layout_cave_pods, kennysheep_basilisk_garden

Skill      XL: |  1  2  3  4  5  6  7  8  9 10 11 12 13 |
---------------+----------------------------------------+-----
Fighting       | 3 4 5 6 7 8 9 |  9.8
Axes           | 3 4 5 6 8 10 11 12 14 15 | 15.2
Armour         | 4 5 6 7 8 9 10 11 | 11.5
Shields        | 4 5 6 7 8 9 10 11 | 11.6
Invocations    | 4 6 8 10 11 | 11.4

Action                   |  1- 3 |  4- 6 |  7- 9 | 10-12 | 13-15 || total
-------------------------+-------+-------+-------+-------+-------++-------
Melee: War axe           |    62 |   144 |   326 |   745 |   237 ||  1514
Invok: Lesser Servant of |       |       |       |     2 |     4 ||     6
 Abil: Heal Wounds       |       |     4 |    18 |     7 |     2 ||    31
Evoke: Wand              |       |       |     4 |     7 |     1 ||    12
  Use: Scroll            |       |     5 |     4 |     6 |       ||    15
       Potion            |       |       |       |     2 |     1 ||     3
 Stab: Paralysed         |       |       |    13 |    15 |     4 ||    32
       Confused          |       |       |       |     5 |       ||     5
       Petrifying        |       |       |       |     1 |     2 ||     3
       Petrified         |       |       |       |       |     6 ||     6
       Distracted        |       |       |       |       |     1 ||     1
  Eat: Chunk             |       |     1 |     5 |    14 |     1 ||    21
       Ration            |       |       |     1 |     1 |     2 ||     4
Armor: Scale mail        |    43 |    68 |    72 |       |       ||   183
       Chain mail        |       |       |    50 |    33 |       ||    83
       Plate armour      |       |       |       |   200 |   172 ||   372
       Skin              |       |       |       |    32 |       ||    32
Dodge: Dodged            |    29 |    33 |    83 |   127 |    57 ||   329
       Repelled          |       |       |       |       |     3 ||     3
Block: Kite shield       |    42 |    54 |   191 |   395 |   147 ||   829
